 Dungeon Crawl Stone Soup version 0.15-a0-35-ga771cbd (webtiles) character file.

5021 Froboctopus the Covert (level 10, -2/65 HPs)
             Began as an Octopode Assassin on Apr 2, 2014.
             Slain by a sky beast (6 damage)
             ... on Level 9 of the Dungeon.
             The game lasted 00:32:36 (10675 turns).

Froboctopus the Covert (Octopode Assassin)         Turns: 10675, Time: 00:32:36

HP  -2/65        AC  1     Str 12      XL: 10   Next: 41%
MP  10/10        EV 16     Int 20      God:
Gold 439         SH  0     Dex 15 (16) Spells:  0 memorised,  9 levels left

rFire  . . .     SeeInvis .     b - +0 blowgun
rCold  . . .     Clarity  .     (no shield)
rNeg   . . .     Conserve .     (helmet restricted)
rPois  .         rCorr    +     y - amulet of resist corrosion {unknown}
rElec  .         rRot     .     v - +2 ring of dexterity
SustAb . .       Spirit   .     r - +5 ring of intelligence
rMut   .         Warding  .     (no ring)
Saprov . . .     Stasis   .     (no ring)
MR     .....                    (no ring)
                                (no ring)
                                (no ring)
                                (no ring)

@: not resistant to hostile enchantments, extremely stealthy
A: almost no armour, amphibious, 8 rings, constrict 8, camouflage 1, gelatinous
body 1
a: no special abilities


You were on level 9 of the Dungeon.
You were not hungry.

You visited 2 branches of the dungeon, and saw 10 of its levels.
You also visited: Sewer.

You collected 439 gold pieces.

Inventory:

Hand weapons
 a - a +4,+5 dagger
 b - a +0 blowgun (weapon)
 R - the +8,+6 whip of Maaclegh {freeze, +Inv +Fly rC+ MR+}
   (You found it on level 9 of the Dungeon)

   It has been specially enchanted to freeze those struck by it, causing extra
   injury to most foes and up to double damage against particularly susceptible
   opponents.
   It can also slow down cold-blooded creatures.
   It protects you from cold.
   It affects your resistance to hostile enchantments.
   It lets you turn invisible.
   It lets you fly.
 T - a +4,+2 short sword
Missiles
 c - 5 needles of frenzy
 e - 26 poisoned needles (quivered)
 j - 3 darts of frost
 m - 28 darts
 M - 4 silver darts
 P - 2 curare-tipped needles
Magical devices
 f - a wand of slowing (7)
 w - a wand of confusion (9)
 z - a wand of paralysis (14)
 F - a wand of slowing (11)
 L - a wand of teleportation (4)
 O - a wand of flame (0)
Comestibles
 g - 5 bread rations
 n - 3 apples
 p - a sausage
 u - 3 pears
 D - 2 apricots
 E - 3 chunks of wyvern flesh
 K - 2 meat rations
 N - 4 rotting chunks of giant frog flesh
Scrolls
 d - 2 scrolls of amnesia
 i - 2 scrolls of magic mapping
 s - 3 scrolls of teleportation
 I - 2 scrolls of blinking
 Q - a scroll of identify
Jewellery
 r - a +5 ring of intelligence (right tentacle)
 v - a +2 ring of dexterity (left tentacle)
 y - an amulet of resist corrosion (around mantle) {unknown}
Potions
 h - 2 potions of confusion {unknown}
 k - a potion of heal wounds
 l - 3 potions of flight
 t - a potion of degeneration {unknown}
 x - a potion of poison {unknown}
 A - 2 potions of magic
 B - a potion of mutation {unknown}
 C - 3 potions of brilliance {unknown}
 G - a potion of paralysis {unknown}
 H - 3 potions of curing
 J - a potion of might {unknown}
 S - a potion of haste {unknown}
Books
 o - a book of Geomancy

   Spells                             Type                      Level
   Sandblast                          Earth                        1
   Stoneskin                          Transmutation/Earth          2
   Passwall                           Transmutation/Earth          3
   Stone Arrow                        Conjuration/Earth            3
   Petrify                            Transmutation/Earth          4
   Lee's Rapid Deconstruction         Earth                        5
Magical staves
 q - an uncursed staff of summoning


   Skills:
 + Level 4.6 Fighting
 * Level 9.6 Short Blades
 - Level 2.0 Throwing
 + Level 6.5 Dodging
 + Level 11.0 Stealth
 - Level 5.0 Unarmed Combat


You had 9 spell levels left.
You didn't know any spells.

Dungeon Overview and Level Annotations

Branches:
Dungeon (9/15)             Temple (1/1) D:7
    Orc: D:9-12        Lair: D:8-11

Altars:
Ashenzari
Cheibriados
Dithmenos
Elyvilon
Fedhas
Kikubaaqudgha
Makhleb
Nemelex Xobeh
Okawaru
Sif Muna
Trog
Vehumet
Xom
Yredelemnul
Zin
The Shining One

Annotations:
D:4 Menkaure


Innate Abilities, Weirdness & Mutations

You cannot wear most types of armour.
You are amphibious.
You can wear up to eight rings at the same time.
You can use your tentacles to constrict many enemies at once.
Your skin changes colour to match your surroundings (Stlth).
Your rubbery body absorbs attacks (AC +1).


Message History

You miss something! You miss something! Your squeeze misses something!
Something barely misses you!
You miss something! Something hits you! Something shocks you!
You cut something but do no damage! You squeeze something! You miss something!
Your squeeze misses something! Something hits you! Something shocks you!
You closely miss something! Something hits you! Something shocks you!!!
* * * LOW HITPOINT WARNING * * *
You carve something like a ham! You squeeze something!!!
You cut something into ribbons! Something hits you!
* * * LOW HITPOINT WARNING * * *
Something shocks you!
* * * LOW HITPOINT WARNING * * *
You skewer something like a kebab!
Wield which item (- for none, * to show all)? (? for menu, Esc to quit)
b - a +0 blowgun (weapon)
Something hits you!
* * * LOW HITPOINT WARNING * * *
Something shocks you!!!
You die!!!

##### #.... #.#.# #.#.# #
###.#.#####.....
##########......@........
.................###..#..
##########.#.#.##....
#..#.#.# .### # ...[..#.#
.# . ......... .# #
..._...... .# #
.....##.##.# # ...##.# .


There were no monsters in sight!

Vanquished Creatures
  Maurice (D:8)
  Prince Ribbit (D:4)
  A wyvern (D:9)
  Eustachio (D:4)
  Grum (D:8)
  3 wolves
  A hippogriff (D:8)
  The ghost of ciphuk the Scratcher, an average FeTm (D:4)
  A necrophage (D:7)
  A sky beast (D:9)
  2 ice beasts (D:8)
  2 ogres
  A black bear (D:7)
  A phantom (D:7)
  A centaur (D:5)
  6 giant frogs
  Blork the orc (D:8)
  A gnoll sergeant (D:6)
  3 scorpions
  2 quasits
  3 killer bees (D:7)
  2 goliath beetles
  A hippogriff skeleton (D:8)
  7 crimson imps
  A big fish (Sewer)
  2 hounds
  2 centaur skeletons (D:8)
  3 orc priests
  A jelly (D:6)
  7 worker ants
  An iguana (D:8)
  5 orc wizards
  Jessica (D:2)
  A mottled dragon skeleton (D:8)
  An ogre skeleton (D:4)
  4 gnolls (D:6)
  7 adders
  A white imp (D:7)
  4 shadow imps (D:8)
  6 worms
  2 giant eyeballs
  3 giant geckos
  7 oozes
  27 orcs
  2 ball pythons
  24 bats
  A bat zombie (D:7)
  11 giant cockroaches
  9 hobgoblins
  12 jackals
  17 kobolds
  6 quokkas
  A giant gecko skeleton (D:5)
  6 giant newts
  A giant spore (D:7)
  A gnoll skeleton (D:5)
  12 goblins
  A hobgoblin zombie (D:8)
  13 rats
  A ballistomycete (D:7)
249 creatures vanquished.

Vanquished Creatures (collateral kills)
  A worker ant (D:6)
  An adder (D:6)
  A gnoll (D:6)
  2 orcs (D:6)
5 creatures vanquished.

Vanquished Creatures (others)
  A gnoll (D:6)
1 creature vanquished.

Grand Total: 255 creatures vanquished

Notes
Turn   | Place    | Note
--------------------------------------------------------------
     0 | D:1      | Froboctopus, the Octopode Assassin, began the quest for the Orb.
     0 | D:1      | Reached XP level 1. HP: 14/14 MP: 1/1
    99 | D:1      | Reached XP level 2. HP: 17/19 MP: 2/2
  1198 | D:1      | Reached XP level 3. HP: 24/24 MP: 3/3
  1304 | D:2      | Noticed Jessica
  1312 | D:2      | Killed Jessica
  1312 | D:2      | Reached skill level 1 in Unarmed Combat
  1716 | D:2      | Reached XP level 4. HP: 21/29 MP: 4/4
  3080 | D:3      | Reached XP level 5. HP: 34/34 MP: 5/5
  3412 | D:4      | Reached skill level 6 in Stealth
  3890 | D:4      | Noticed ciphuk's ghost (average FeTm)
  3907 | D:5      | Entered Level 5 of the Dungeon
  4159 | D:5      | Found a bloodstained altar of Trog.
  4160 | D:5      | Found a radiant altar of Vehumet.
  4210 | D:5      | Reached XP level 6. HP: 11/39 MP: 6/6
  4588 | D:5      | Noticed a centaur
  4595 | D:5      | Killed a centaur
  5028 | D:5      | Reached XP level 7. HP: 17/45 MP: 7/7
  5060 | D:5      | Reached skill level 7 in Stealth
  5473 | D:6      | Reached skill level 5 in Short Blades
  5484 | D:6      | Found an ancient bone altar of Kikubaaqudgha.
  5500 | D:6      | Found a snail-covered altar of Cheibriados.
  5918 | D:6      | Reached XP level 8. HP: 42/50 MP: 8/8
  6237 | D:6      | Found a glowing drain.
  6262 | Sewer    | Entered a sewer
  6526 | Sewer    | Reached skill level 8 in Stealth
  6890 | D:4      | Noticed Menkaure
  7072 | D:4      | Killed ciphuk's ghost
  7096 | D:4      | Noticed Prince Ribbit
  7129 | D:4      | Killed Prince Ribbit
  7304 | D:4      | Noticed Eustachio
  7312 | D:4      | Killed Eustachio
  7353 | D:4      | Reached skill level 5 in Unarmed Combat
  7384 | D:4      | Reached XP level 9. HP: 39/54 MP: 9/9
  7545 | D:7      | Reached skill level 9 in Stealth
  7590 | D:7      | Reached skill level 5 in Dodging
  8387 | D:7      | Found a staircase to the Ecumenical Temple.
  8396 | Temple   | Entered the Ecumenical Temple
  8724 | D:8      | Noticed Maurice
  8861 | D:8      | Killed Maurice
  9175 | D:8      | Reached skill level 10 in Stealth
  9649 | D:8      | Reached XP level 10. HP: 24/63 MP: 10/10
  9863 | D:8      | Noticed Blork the orc
  9936 | D:8      | Noticed Grum
 10246 | D:8      | Killed Blork the orc
 10334 | D:8      | Killed Grum
 10630 | D:9      | Reached skill level 11 in Stealth
 10645 | D:9      | Got an iridescent whip
 10646 | D:9      | Identified the +8,+6 whip of Maaclegh {freeze, +Inv +Fly rC+ MR+} (You found it on level 9 of the Dungeon)
 10649 | D:9      | Found a glowing silver altar of Zin.
 10675 | D:9      | Slain by a sky beast

Action                   |  1- 3 |  4- 6 |  7- 9 | 10-12 || total
-------------------------+-------+-------+-------+-------++-------
Melee: Dagger            |    56 |   171 |   179 |       ||   406
       Short sword       |       |       |   145 |    77 ||   222
 Fire: Blowgun           |     4 |    10 |    25 |    15 ||    54
Throw: Dart              |     5 |    17 |    40 |    15 ||    77
Evoke: Wand              |       |     1 |     8 |       ||     9
  Use: Scroll            |       |     9 |    11 |       ||    20
       Potion            |       |     1 |     1 |       ||     2
 Stab: Sleeping          |     7 |    12 |    35 |     5 ||    59
       Distracted        |       |     2 |     1 |       ||     3
       Confused          |       |     1 |     1 |       ||     2
